 Dungeon Crawl Stone Soup version 0.29-a0-284-gf9362112df (webtiles) character file.

Game seed: 8761954219450090525

651 iguanaiguana the Bolt Thrower (level 7, -1/52 HPs)
             Began as a Formicid Hunter on Mar 15, 2022.
             Was a Priest of Zin.
             Slain by a gnoll
             ... wielding a +2 flail of protection
              (8 damage)
             ... on level 4 of the Dungeon.
             The game lasted 00:13:35 (4677 turns).

iguanaiguana the Bolt Thrower (Formicid Hunter)     Turns: 4677, Time: 00:13:36

Health: -1/52      AC:  9    Str: 16    XL:     7   Next: 83%
Magic:  9/9        EV:  7    Int:  8    God:    Zin [***...]
Gold:   184        SH:  0    Dex: 16    Spells: 6/6 levels left

rFire   . . .      SeeInvis +   a - +1 hand crossbow (venom)
rCold   . . .      Faith    .   (no shield)
rNeg    . . .      Spirit   .   k - +0 chain mail
rPois   .          Reflect  .   (helmet unavailable)
rElec   .          Harm     .   (no cloak)
rCorr   .          Rampage  .   (no gloves)
Will    .....                   (no boots)
Stlth   ..........              (no amulet)
HPRegen 0.17/turn               (no ring)
MPRegen 0.11/turn               (no ring)

@: mighty
A: permanent stasis, dig shafts and tunnels, antennae 3, four strong arms
a: Dig, Shaft Self, Renounce Religion, Recite, Vitalisation, Imprison, Donate
Gold


You were on level 4 of the Dungeon.
You worshipped Zin.
Zin was most pleased with you.
You visited 1 branch of the dungeon, and saw 5 of its levels.
You also visited: Sewer.

You collected 204 gold pieces.
You donated 20 gold pieces to Zin.

Inventory:

Hand Weapons
 a - a +1 hand crossbow of venom (weapon)
Armour
 e - a +0 leather armour
 k - a +0 chain mail (worn)
Jewellery
 l - a ring of wizardry
 q - a ring of resist corrosion
Wands
 o - a wand of iceblast (7) {@v2}
Scrolls
 b - a scroll of brand weapon
 c - a scroll of immolation
 d - a scroll of magic mapping {unknown}
 h - a scroll of fog
 i - a scroll of fear {unknown}
 j - 2 scrolls of teleportation {unknown}
Potions
 g - a potion of flight


   Skills:
 - Level 3.6 Fighting
 + Level 7.1 Crossbows
 - Level 3.4 Armour
 - Level 1.8 Dodging
 - Level 1.4 Stealth
 - Level 3.3 Invocations


You had 6 spell levels left.
You didn't know any spells.
Your spell library contained the following spells:

 Spells                   Type           Power      Damage    Failure   Level
 Corpse Rot               Necr/Air       0%         N/A       100%        2
 Poisonous Vapours        Pois/Air       0%         N/A       100%        2
 Frozen Ramparts          Ice            0%         1d2       100%        3
 Animate Dead             Necr           0%         N/A       100%        4
 Ice Form                 Ice/Tmut       0%         N/A       100%        4
 Summon Ice Beast         Ice/Summ       0%         N/A       100%        4
 Borgnjor's Vile Clutch   Necr/Erth      0%         N/A       100%        5
 Death Channel            Necr           0%         N/A       100%        6


Dungeon Overview and Level Annotations

Branches:
Dungeon (5/15)              Sewer (visited)
 Temple: D:4-7

Altars:
Zin


Innate Abilities, Weirdness & Mutations

You cannot be hasted, slowed, berserked, paralysed or teleported.
You can dig through walls and to a lower floor.
You have a pair of large antennae on your head. (SInv)
Your four strong arms can wield two-handed weapons with a shield.


Message History

You shoot a bolt. The bolt barely misses the gnoll.
The gnoll hits you with a +2 flail of protection.
Shoot: a) +1 hand crossbow (venom)
Press: ? - help, Shift-Dir - straight line, f/p - gnoll
Aim: a gnoll, wielding a +2 flail of protection (69% to hit)
You shoot a bolt.
The bolt hits the gnoll but does no damage.
The gnoll is poisoned.
The gnoll hits you with a +2 flail of protection.
* * * LOW HITPOINT WARNING * * *
The gnoll hits you with a +2 flail of protection!
* * * LOW HITPOINT WARNING * * *
Shoot: a) +1 hand crossbow (venom)
Press: ? - help, Shift-Dir - straight line, f/p - gnoll
Aim: a gnoll, wielding a +2 flail of protection (lightly wounded, very poisoned, 69% to hit)
You shoot a bolt.
The bolt hits the gnoll but does no damage.
The gnoll is lightly wounded.
The gnoll hits you with a +2 flail of protection.
* * * LOW HITPOINT WARNING * * *
The gnoll hits you with a +2 flail of protection.
* * * LOW HITPOINT WARNING * * *
It was a potion of might.
You feel very mighty all of a sudden.
The gnoll hits you with a +2 flail of protection.
* * * LOW HITPOINT WARNING * * *
Shoot: a) +1 hand crossbow (venom)
Press: ? - help, Shift-Dir - straight line, f/p - gnoll
Aim: a gnoll, wielding a +2 flail of protection (lightly wounded, very poisoned, 69% to hit)
You shoot a bolt. The bolt barely misses the gnoll.
The gnoll barely misses you.
Shoot: a) +1 hand crossbow (venom)
Press: ? - help, Shift-Dir - straight line, f/p - gnoll
Aim: a gnoll, wielding a +2 flail of protection (moderately wounded, very poisoned, 69% to hit)
You shoot a bolt. The bolt hits the gnoll.
The gnoll is heavily wounded.
The gnoll hits you with a +2 flail of protection.
* * * LOW HITPOINT WARNING * * *
The gnoll hits you with a +2 flail of protection!
You die...

#######
#.....##########
#.#.#..........#
#.....##.##.##.#
#@..####.##.##.###
#g..# #.##.......
##.## #.#####.###
#.# #.#####.# #
#.# #.......# #
#.# ##.....## #
#.# #.....# # #.#
#.....# # ########
###.#### #.....# #


You could see a gnoll (poisoned).

Vanquished Creatures
  2 phantoms (D:4)
  A kobold brigand (Sewer)
  A jelly (D:4)
  An orc wizard (D:3)
  12 adders
  6 gnolls
  8 river rats
  8 worms
  2 dart slugs
  3 orcs (D:3)
  16 ball pythons
  2 bats
  9 endoplasms
  2 giant cockroaches
  12 goblins
  6 hobgoblins
  5 jackals
  5 kobolds
  7 quokkas
  3 frilled lizards
  9 rats
120 creatures vanquished.

Vanquished Creatures (others)
  An orc (D:3)
  5 fungi (D:3)
6 creatures vanquished.

Grand Total: 126 creatures vanquished

Notes
Turn   | Place    | Note
-------+----------+-------------------------------------------
     0 | D:1      | iguanaiguana the Formicid Hunter began the quest for the
                  | Orb.
     0 | D:1      | Reached XP level 1. HP: 16/16 MP: 1/1
   230 | D:1      | Reached XP level 2. HP: 18/22 MP: 2/2
   473 | D:1      | Reached skill level 1 in Armour
   496 | D:1      | Reached XP level 3. HP: 27/27 MP: 3/3
   964 | D:1      | Found a faded altar of an unknown god.
   972 | D:1      | Prayed at the altar of an unknown god.
   972 | D:1      | Became a worshipper of Zin the Law-Giver
   972 | D:1      | Reached * piety under Zin
  1044 | D:2      | Reached ** piety under Zin
  1205 | D:2      | Reached XP level 4. HP: 24/33 MP: 4/4
  1417 | D:1      | Reached skill level 1 in Invocations
  1552 | D:2      | Reached skill level 5 in Crossbows
  1912 | D:2      | Reached XP level 5. HP: 38/38 MP: 6/6
  2499 | D:3      | Reached *** piety under Zin
  2999 | D:4      | Reached XP level 6. HP: 46/46 MP: 7/7
  3117 | D:4      | Found a glowing drain.
  3172 | Sewer    | Entered a sewer
  3212 | Sewer    | Reached skill level 6 in Crossbows
  3360 | Sewer    | Reached XP level 7. HP: 33/52 MP: 9/9
  4548 | D:5      | Entered Level 5 of the Dungeon
  4569 | D:4      | Reached skill level 7 in Crossbows
  4677 | D:4      | Slain by a gnoll

Illustrated notes

Levels and vault maps discovered:
D:1:      minmay_arrival_stone_box, layout_basic,
          shapermc_ecumenical_altar_pompeii, st_stairs_6
D:2:      layout_loops_cross, st_stairs_4, grunt_ministairs_13
D:3:      layout_rooms, serial_curves, eino_curves_03, eino_curves_01,
          dreamdust_mushroom_princess
D:4:      layout_loops_cross, lightli_sewer_entry_pipes
D:5:      kennysheep_six_static_rooms, layout_rooms, gammafunk_ghost_hive,
          chequers_big_river, uniq_menkaure

Skill      XL: |  1  2  3  4  5  6  7 |
---------------+----------------------+-----
Armour         | 1 2 3 |  3.4
Invocations    | 1 2 3 |  3.3
Crossbows      | 5 6 7 |  7.1
Fighting       | 3 |  3.6
Dodging        | |  1.8
Stealth        | |  1.4

Action                   |  1- 3 |  4- 6 |  7- 9 || total
-------------------------+-------+-------+-------++-------
Melee: Short sword       |     7 |    14 |       ||    21
 Fire: Hand crossbow     |    72 |   171 |   117 ||   360
  Use: Scroll            |       |     8 |       ||     8
       Potion            |       |       |     1 ||     1
 Stab: Sleeping          |     1 |       |       ||     1
Armor: Leather armour    |     4 |       |       ||     4
       Chain mail        |       |    62 |    38 ||   100
Dodge: Dodged            |    16 |    56 |    19 ||    91

Table legend: (Time is in decaauts)
 A = Elapsed time spent in this place.
 B = Non-inter-level travel time spent in this place.
 C = Inter-level travel time spent in this place.
 D = Time resting spent in this place.
 E = Time spent auto-exploring this place.
 F = Levels seen in this place.
 G = Mean time per level.
                   A        B        C        D        E       F      G
               +--------+--------+--------+--------+--------+-----+--------+
         Total |   5065 |   4818 |    247 |    733 |   3109 |   6 |  844.2 |
       Dungeon |   4185 |   3938 |    247 |    624 |   2524 |   5 |  837.0 |
         Sewer |    880 |    880 |      0 |    109 |    585 |   1 |  880.0 |
               +--------+--------+--------+--------+--------+-----+--------+

Top non-repeatable levels by time:
     D:1: 1253 daAuts
     D:2: 1147 daAuts
     D:4: 1102 daAuts
   Sewer: 880 daAuts
     D:3: 657 daAuts
     D:5: 23 daAuts
